Map: Fear and Faith LE

Players

Darhalas - Winner!

  • Race: Terran Terran
  • League: Silver

VOD

Have the link to the VOD?

Description

Time

  • Played on: July 6, 2026, 1:30 a.m.
  • Length: 24:27
Show
View Real Time Build Order
Export as new Build Order

Darhalas Terran - Winner!

Build Orders:  

Get SALT Encoding   

  8  0:00  SCV  
  9  0:18  SCV  
  10  0:39  Supply Depot  
  10  0:49  SCV  
  11  1:06  SCV  
  12  1:23  SCV  
  13  1:40  SCV  
  14  1:57  SCV  
  15  2:18  Command Center  
  15  2:34  Barracks  
  15  2:47  Refinery  
  15  2:49  SCV  
  16  3:00  Refinery  
  16  3:06  SCV  
  17  3:23  SCV  
  18  3:36  Supply Depot  
  23  3:40  SCV  
  18  3:41  Barracks Tech Lab  
  19  3:56  SCV  
  20  4:03  Barracks  
  20  4:08  Concussive Shells  
  20  4:17  Marauder  
  22  4:27  SCV  
  22  4:28  SCV  
  24  4:44  SCV  
  24  4:45  SCV  
  26  4:58  Marauder  
  28  5:01  SCV  
  28  5:02  SCV  
  30  5:13  Supply Depot  
  30  5:16  Barracks Reactor  
  30  5:20  SCV x2  
  32  5:33  Marauder  
  34  5:41  Factory  
  34  5:50  Supply Depot  
  34  5:53  Orbital Command  
  34  6:05  Marauder  
  34  6:08  Refinery  
  34  6:09  Marine  
  37  6:12  Marine  
  38  6:23  SCV  
  39  6:34  Marine  
  39  6:35  Marauder  
  39  6:37  Marine  
  41  6:40  SCV  
  43  6:46  SCV  
  45  6:52  Factory Reactor  
  45  6:56  SCV  
  46  7:01  Armory  
  46  7:03  SCV  
  46  7:06  Marine x2  
  46  7:08  Marauder  
  51  7:18  SCV  
  45  7:20  SCV  
  52  7:27  Supply Depot  
  53  7:36  Orbital Command  
  53  7:39  Marauder  
  55  7:40  Marine  
  55  7:42  Marine  
  55  7:47  Widow Mine x2  
  57  7:52  Supply Depot  
  61  8:07  Refinery  
  61  8:09  Terran Vehicle And Ship Armor Level 1  
  61  8:13  Marauder  
  61  8:14  Marine x2  
  65  8:24  Supply Depot  
  65  8:33  Widow Mine x2  
  65  8:40  Marine  
  65  8:41  Marine  
  65  8:43  Marauder  
  73  8:55  Engineering Bay  
  73  8:57  Engineering Bay  
  73  9:02  Stimpack  
  73  9:08  Factory  
  73  9:13  SCV x2  
  69  9:30  SCV x2  
  51  10:08  Terran Infantry Weapons Level 1  
  47  10:11  Widow Mine  
  47  10:12  Widow Mine, Terran Infantry Armor Level 1  
  47  10:20  Factory Tech Lab  
  47  10:23  Marauder  
  47  10:24  Marine x2  
  53  10:43  Starport  
  53  10:46  Supply Depot  
  53  10:55  Widow Mine  
  53  10:56  Widow Mine  
  53  11:07  Thor  
  53  11:08  Marauder, Marine  
  53  11:09  Marine  
  67  11:12  Terran Vehicle Weapons Level 1  
  67  11:17  Drilling Claws  
  67  11:36  Marine x2  
  67  11:38  Marauder  
  71  11:48  Starport Reactor  
  71  11:52  Unknown  
  65  12:20  Marauder, Marine  
  65  12:21  Marine  
  65  12:25  Widow Mine x2  
  69  12:36  Thor  
  82  12:45  Marine  
  86  12:51  Barracks  
  86  12:59  Supply Depot  
  86  13:03  Widow Mine  
  86  13:04  Widow Mine  
  90  13:20  Command Center  
  90  13:25  Command Center  
  90  13:26  Terran Infantry Weapons Level 2  
  90  13:28  Terran Infantry Armor Level 2  
  90  13:31  Marauder, Marine x2  
  90  13:39  Unknown  
  94  13:42  Unknown  
  92  13:52  Terran Ship Weapons Level 1  
  78  14:43  Widow Mine x2  
  77  14:54  Thor  
  87  15:01  Marauder  
  87  15:03  Marine  
  87  15:04  Marine  
  81  15:13  Widow Mine  
  81  15:14  Widow Mine  
  81  15:17  Unknown x2  
  81  15:28  Marine  
  81  15:29  Marine  
  88  15:31  Marauder, Barracks Reactor  
  89  15:43  Refinery  
  89  15:46  Refinery  
  89  15:54  Thor  
  93  16:21  Refinery  
  93  16:23  Refinery  
  87  17:01  Widow Mine  
  87  17:02  Widow Mine  
  87  17:11  Thor  
  87  17:13  Marauder, Marine x2  
  87  17:14  Marine x2  
  103  17:38  Marine x2  
  103  17:39  Marine x2  
  103  17:43  Marauder  
  105  17:58  Widow Mine x2  
  105  18:07  Unknown x2  
  115  18:10  Marine x2  
  115  18:11  Thor, Marine  
  124  18:22  Supply Depot  
  124  18:30  Planetary Fortress  
  124  18:32  Planetary Fortress  
  124  18:52  Marine, Marauder  
  124  18:59  Widow Mine  
  127  19:04  Marine x2  
  127  19:05  Marine  
  127  19:07  Unknown x2  
  131  19:17  Marine, Supply Depot  
  132  19:32  Marine  
  132  19:37  Widow Mine  
  132  19:47  Marine, Marauder  
  132  19:48  Unknown  
  140  20:22  Supply Depot  
  140  20:29  Marine  
  139  20:42  Widow Mine  
  139  20:47  Unknown  
  139  20:52  Thor  
  139  20:54  Supply Depot  
  147  21:14  Widow Mine  
  147  21:27  Supply Depot  
  155  21:57  Thor  
  157  22:24  Unknown x2  
  160  22:56  Supply Depot  
  153  23:24  Unknown  
Tags
 
Add a new tag
Caveats
  • Supply blocks, unpowered buildings, or Contaminate may cause inaccurate times.
  • Supply counts are checked every 10 seconds.